Cogmind - Beta 16.1 @@@ ROGUE MODE // 2026.03.29 @ 14:21:59 Player: ash Result: Destroyed by S-10 Pest with Light Assault Rifle Performance ------------- Evolutions (0) 0 Regions Visited (4) 800 Robots Destroyed (14) 70 Value Destroyed (255) 255 Prototype IDs (27) 540 Alien Tech Used (0) 0 Bonus (300) 300 TOTAL SCORE: 1965 Bonus ------- Aligned with FarCom 300 Cogmind --------- Core Integrity 0/250 Matter 273/300 Energy 100/100 System Corruption 1% Temperature Cool (0) Movement Core (150) Ox2 Location -9/Mines Parts ------- > --- POWER (1) -------- (None) > --- PROPULSION (2) --- (None) > --- UTILITY (2) ------ Cloak of Protection Trap Reconfigurator > --- WEAPON (2) ------- (None) > --- INVENTORY (5) ---- Improved Heat Sink Structural Scanner Improved Terrain Scanner Small Laser Peak State ------------ > --- POWER ------------ (None) > --- PROPULSION ------- (None) > --- UTILITY ---------- Cloak of Protection Trap Reconfigurator > --- WEAPON ----------- (None) > --- INVENTORY -------- Improved Heat Sink Structural Scanner Improved Terrain Scanner Small Laser Deploy-a-Sentry [Rating: 18] Favorites ----------- Power Ion Engine Engine Ion Engine Propulsion Light Treads Treads Light Treads Utility Large Storage Unit Device Improved Terrain Scanner Storage Large Storage Unit Protection Weapon Shielding Weapon Small Laser Energy Gun Small Laser Ballistic Gun Assault Rifle Launcher Grenade Launcher Build | -11 -10 -10 -10 -9 ------- Run | Yrd Mat Min Exi Min Slots Evolved . | . . . . . Power . | . . . . . Propulsion . | . . . . . Utility . | . . . . . Weapon . | . . . . . Parts Attached 16 | 7 6 1 2 . Power 2 | 1 1 . . . Engine 2 | 1 1 . . . Core . | . . . . . Reactor . | . . . . . Propulsion 3 | 2 1 . . . Treads 3 | 2 1 . . . Leg . | . . . . . Wheel . | . . . . . Hover . | . . . . . Flight . | . . . . . Utility 7 | 2 3 . 2 . Device 4 | 1 1 . 2 . Storage 2 | 1 1 . . . Processor . | . . . . . Hackware . | . . . . . Protection 1 | . 1 . . . Artifact . | . . . . . Weapon 4 | 2 1 1 . . Energy Gun 1 | 1 . . . . Energy Cannon . | . . . . . Ballistic Gun 2 | 1 1 . . . Ballistic Cannon . | . . . . . Launcher 1 | . . 1 . . Special Weapon . | . . . . . Impact Weapon . | . . . . . Slashing Weapon . | . . . . . Piercing Weapon . | . . . . . Special Melee Weapon . | . . . . . Unidentified Prototypes . | . . . . . Parts Lost 6 | . 1 5 . . Power 1 | . . 1 . . Propulsion 2 | . . 2 . . Utility 1 | . . 1 . . Weapon 2 | . 1 1 . . Highest Loss Streak 5 | . 1 5 . . To Critical Strikes . | . . . . . Average Backups 9 | 1 9 14 4 4 Power . | . 1 1 . . Propulsion . | . . . . . Utility 2 | . 2 5 3 3 Weapon 4 | . 4 6 1 1 Tool/Special . | . . . . . Unused Backups 12 | . . 9 1 2 Power 1 | . . 1 . . Propulsion . | . . . . . Utility 4 | . . 3 . 1 Weapon 6 | . . 4 1 1 Tool/Special 1 | . . 1 . . Average Slot Usage (%) 82 | . 100 98 19 28 Engine 10 | . 14 14 . . Treads 21 | . 28 27 . . Device 11 | . 12 . 19 28 Storage 10 | . 14 13 . . Protection 4 | . 1 13 . . Energy Gun 10 | . 14 14 . . Ballistic Gun 10 | . 14 13 . . Peak Build Rating 18 | 9 10 8 18 17 Average Rating 9 | 5 8 7 12 17 On Entrance 6 | . 9 8 . 17 Avg Prop Armor Cover (%) . | . . . . . Naked Turns 63 | . . 3 60 . Heaviest Build 29 | 14 29 29 9 9 Greatest Support 40 | 40 40 40 3 3 Greatest Overweight (x) 2 | . . 1 2 2 Average Overweight (x) . | . . . . 2 Largest Inventory Capacity 15 | 8 15 15 5 5 Average Capacity 12 | 7 14 14 5 5 Most Carried 15 | 2 14 15 5 4 Average Carried 9 | 1 9 14 4 4 Final Capacity 15 | 8 15 5 5 5 Final Carried 14 | 2 14 5 4 4 Class Distribution -------------------- 100% | Mutant Dominant Class ---------------- Mutant | -10/Materials Mutant | -10/Mines Mutant | -10/Exiles Mutant | -9/Mines Resources | -11 -10 -10 -10 -9 ----------- Run | Yrd Mat Min Exi Min Matter Collected 445 | 216 217 12 . . Remotely . | . . . . . Salvage Created 401 | 34 344 23 . . Parts 37 | 5 25 7 . . Haulers Intercepted 1 | . 1 . . . Recyclers Shooed . | . . . . . Parts Field Recycled . | . . . . . Retrieved Matter . | . . . . . Parts Self-Destructed . | . . . . . Prevented . | . . . . . Parts Restored . | . . . . . Kills | -11 -10 -10 -10 -9 ------- Run | Yrd Mat Min Exi Min Combat Hostiles Destroyed 10 | . 7 3 . . Guns 7 | . 7 . . . AOE 3 | . . 3 . . Classes Destroyed 5 | 1 4 . . . Tunneler 2 | 2 . . . . Hauler 1 | . 1 . . . Recycler 1 | . 1 . . . Swarmer 5 | . 2 3 . . Grunt 5 | . 5 . . . Best Kill Streak 3 | 2 3 3 . . Combat Bots Only 3 | . 2 3 . . Max Kills in Single Turn 3 | 1 1 3 . . Gunslinging . | . . . . . Exploded 3 | . . 3 . . Melee . | . . . . . Uniques/NPCs Destroyed . | . . . . . Combat | -11 -10 -10 -10 -9 -------- Run | Yrd Mat Min Exi Min Hostile Shots Fired 122 | . 53 14 . 55 Missed 27 | . 12 1 . 14 Hits 95 | . 41 13 . 41 Projectile 95 | . 41 13 . 41 AOE 11 | . . 11 . . Critical Strikes 1 | . 1 . . . Actively Blocked 1 | . 1 . . . Damage Taken 1303 | . 442 534 . 327 Core 251 | . 44 112 . 95 Absorbed by Shields . | . . . . . Redirected to Shielding 53 | . 21 32 . . Core Remaining (%) 100 | 100 . . . . Volleys Fired 32 | 3 28 1 . . Largest 2 | 2 2 1 . . Hottest 60 | 60 60 30 . . Shots Fired 64 | 6 56 2 . . Gun 63 | 6 56 1 . . Cannon . | . . . . . Launcher 1 | . . 1 . . Special . | . . . . . Kinetic 31 | 3 28 . . . Thermal 32 | 3 28 1 . . Explosive 1 | . . 1 . . Electromagnetic . | . . . . . Robot Hit Streak 11 | 3 11 9 . . Robot Miss Streak 3 | 1 3 . . . Penetration Max . | . . . . . Secondary Targets . | . . . . . Shots Hit Robots 45 | 5 39 1 . . Core Hits 22 | 2 17 3 . . Critical Kills . | . . . . . Critical Parts Destroyed 1 | . 1 . . . Critical Strikes 1 | . 1 . . . Destroy 1 | . 1 . . . Melee Attacks . | . . . . . Impact . | . . . . . Slashing . | . . . . . Piercing . | . . . . . Sneak Attacks . | . . . . . Combat Hostiles . | . . . . . Follow-up Attacks . | . . . . . Damage Inflicted 665 | 64 468 133 . . Guns 519 | 64 455 . . . Cannons . | . . . . . Explosions 129 | . . 129 . . Melee . | . . . . . Ramming 17 | . 13 4 . . Kinetic 276 | 29 247 . . . Thermal 243 | 35 208 . . . Explosive 129 | . . 129 . . Electromagnetic . | . . . . . Impact . | . . . . . Slashing . | . . . . . Piercing . | . . . . . Highest Corruption 1 | . 1 1 1 1 Average Corruption 1 | . 1 1 1 1 Corruption Purged . | . . . . . Corruption Blocked . | . . . . . Effects 8 | . 3 3 2 . Message Errors 3 | . 2 1 . . Matter Fused 1 | . . . 1 . Heat Flow Errors 1 | . . 1 . . Energy Discharges 2 | . 1 . 1 . Misfires 1 | . . 1 . . Overload Shots . | . . . . . Overflow Damage . | . . . . . Projectiles . | . . . . . Explosions . | . . . . . Melee . | . . . . . Knockbacks . | . . . . . Impact . | . . . . . Kinetic . | . . . . . Secondary . | . . . . . Self-Inflicted Damage 39 | . . 39 . . Shots 1 | . . 1 . . Rammed 3 | . 1 1 . 1 Targets Rammed 3 | . 1 1 . 1 Kicked . | . . . . . Crushed . | . . . . . Highest Temperature 89 | . 82 89 . . Average Temperature 32 | . 32 37 . . Received Heat Transfer 195 | . 195 . . . Siege Activations . | . . . . . Martial Activations . | . . . . . Shielding Activations . | . . . . . Robots Disrupted . | . . . . . Combat Hostiles . | . . . . . Robots Corrupted . | . . . . . Combat Hostiles . | . . . . . Parts Fried . | . . . . . Impact Corruptions . | . . . . . Robots Melted . | . . . . . Combat Hostiles . | . . . . . Parts Melted 1 | . 1 . . . Heat Transferred 550 | 75 475 . . . Parts Sabotaged . | . . . . . Parts Stolen . | . . . . . Parts Stripped . | . . . . . Power Chain Reactions . | . . . . . Alert | -11 -10 -10 -10 -9 ------- Run | Yrd Mat Min Exi Min Maximum Alert Level . | . . . . . Low Security (%) 100 | 100 100 100 . 100 Level 1 . | . . . . . Level 2 . | . . . . . Level 3 . | . . . . . Level 4 . | . . . . . Level 5 . | . . . . . High Security . | . . . . . Max Security . | . . . . . Peak Influence 99 | 5 99 75 . 35 Initial 9 | . 3 9 . . Average 26 | . 36 16 . 3 Influence Increases 411 | 10 281 75 . 45 Destroy 0b10 Robot/C 200 | . 140 60 . . Destroy 0b10 Robot/NC 20 | 10 10 . . . Destroy Leader 42 | . 32 10 . . Successful Hack 39 | . 39 . . . Destroy Structure 5 | . . 5 . . Lose Combat Pursuer 105 | . 60 . . 45 Influence Decreases 376 | 5 260 101 . 10 Entered New Map 19 | . 2 17 . . Time Decay 357 | 5 258 84 . 10 Squads Dispatched 1 | . 1 . . . Investigation . | . . . . . Extermination . | . . . . . Reinforcement 1 | . 1 . . . Assault . | . . . . . Garrison . | . . . . . Intercept . | . . . . . Searches Triggered . | . . . . . Construction Impeded . | . . . . . Haulers Reinforced . | . . . . . Active Scanning Responses . | . . . . . Cargo Convoy Interrupts . | . . . . . Stealth | -11 -10 -10 -10 -9 --------- Run | Yrd Mat Min Exi Min Distress Signals 1 | . 1 . . . Communications Jammed . | . . . . . Distress Signals . | . . . . . Times Spotted 29 | . 19 5 . 5 Peak Tracking Total 4 | . 4 3 . 4 Tactical Retreats 3 | . 2 . . 1 Traps | -11 -10 -10 -10 -9 ------- Run | Yrd Mat Min Exi Min Traps Triggered 3 | . 3 . . . Indirectly . | . . . . . Trap Hack Attempts . | . . . . . Triggered . | . . . . . Disarmed . | . . . . . Reprogrammed . | . . . . . Reused . | . . . . . Traps Extracted . | . . . . . Installed . | . . . . . Triggered . | . . . . . Machines | -11 -10 -10 -10 -9 ---------- Run | Yrd Mat Min Exi Min Machines Disabled . | . . . . . Max in Single Turn . | . . . . . Machines Repaired . | . . . . . Machines Dismantled . | . . . . . Machines Sabotaged . | . . . . . Overloaded Fab Kills . | . . . . . Hacking | -11 -10 -10 -10 -9 --------- Run | Yrd Mat Min Exi Min Machines Accessed 7 | . 6 . 1 . Terminals 6 | . 6 . . . Fabricators . | . . . . . Repair Stations . | . . . . . Recycling Units . | . . . . . Scanalyzers . | . . . . . Garrison Access . | . . . . . Total Hacks 19 | . 18 . 1 . Successful 11 | . 10 . 1 . Failed 8 | . 8 . . . Catastrophic 2 | . 2 . . . Database Lockouts . | . . . . . Manual 11 | . 10 . 1 . Terminals 18 | . 18 . . . Fabricators . | . . . . . Repair Stations . | . . . . . Recycling Units . | . . . . . Scanalyzers . | . . . . . Garrison Access . | . . . . . Terminal Hacks 7 | . 6 . 1 . Robot Analysis 1 | . 1 . . . Prototype ID Bank 2 | . 2 . . . Branch Access Points 1 | . 1 . . . Locate Traps 1 | . 1 . . . Zone Layout 1 | . 1 . . . Proto ID Catalog 1 | . . . 1 . Fabricator Hacks . | . . . . . Repair Station Hacks . | . . . . . Recycling Unit Hacks . | . . . . . Scanalyzer . | . . . . . Garrison Access Hacks . | . . . . . Unauthorized Hacks 4 | . 4 . . . Terminals 4 | . 4 . . . Track 2 | . 2 . . . Botnet 2 | . 2 . . . Fabricators . | . . . . . Repair Stations . | . . . . . Recycling Units . | . . . . . Scanalyzers . | . . . . . Garrison Access . | . . . . . Data Cores Recovered . | . . . . . Used . | . . . . . Hacking Detections 6 | . 6 . . . Full Trace Events . | . . . . . Feedback Events . | . . . . . Feedback Blocked . | . . . . . Robot Schematics Acquired . | . . . . . Robots Built . | . . . . . Authchips . | . . . . . Time . | . . . . . Total Robot Build Rating . | . . . . . Part Schematics Acquired . | . . . . . Parts Built . | . . . . . Authchips . | . . . . . Time . | . . . . . Total Part Build Rating . | . . . . . Part Studies Acquired . | . . . . . Parts Repaired . | . . . . . Time . | . . . . . Parts Recycled . | . . . . . Recycled Matter . | . . . . . Retrieved Matter . | . . . . . Retrieved Components . | . . . . . Parts Scanalyzed . | . . . . . Part Schematics Acquired . | . . . . . Parts Damaged . | . . . . . Bothacking | -11 -10 -10 -10 -9 ------------ Run | Yrd Mat Min Exi Min Used RIF Installer . | . . . . . Robots Hacked . | . . . . . Non-combat . | . . . . . Combat . | . . . . . Robot Hacks Applied . | . . . . . Relay Couplers Released . | . . . . . Fabnet Peak Effective % . | . . . . . Robots Rewired . | . . . . . Allies Hacked . | . . . . . Hacks Repelled . | . . . . . Allies | -11 -10 -10 -10 -9 -------- Run | Yrd Mat Min Exi Min Total Allies . | . . . . . Largest Group . | . . . . . Highest-Rated Group . | . . . . . Highest-Rated Ally . | . . . . . Total Orders . | . . . . . Ally Attacks . | . . . . . Total Damage . | . . . . . Kills . | . . . . . Allies Corrupted . | . . . . . Allies Melted . | . . . . . Turrets Deployed 1 | . . . 1 . Intel | -11 -10 -10 -10 -9 ------- Run | Yrd Mat Min Exi Min Active Infowar (turns) 697 | 5 686 . 6 . Terrain 420 | 5 415 . . . Structural 271 | . 271 . . . Cloaking 6 | . . . 6 . Robot Analysis Total 1 | . 1 . . . Derelict Logs Recovered 1 | . . 1 . . Drone Launches . | . . . . . Drone Recoveries . | . . . . . Exploration | -11 -10 -10 -10 -9 ------------- Run | Yrd Mat Min Exi Min Turns Passed 1507 | 77 779 347 217 87 Spaces Moved 940 | 38 412 213 223 54 Core 288 | 5 . 6 223 54 Treads 652 | 33 412 207 . . Legs . | . . . . . Wheels . | . . . . . Hover . | . . . . . Flight . | . . . . . Fastest Speed 50 | 50 160 50 50 150 Average Speed 143 | 145 160 157 95 150 Slowest Speed 160 | 160 160 160 150 150 Overloaded Moves . | . . . . . Propulsion Burnouts . | . . . . . Robots Hopped . | . . . . . Potential Cave-ins . | . . . . . Cave-ins Triggered . | . . . . . Exploration Rate (%) 36 | 3 56 46 61 17 Regions Visited 4 Branch Regions 3 Pre-discovered Areas . | . . . . . Known Exits Taken 1 | . 1 . . . Unknown Exits Taken 3 | 1 . 1 1 . Scrap Searched . | . . . . . Spaces Dug . | . . . . . Terrain Destroyed 5 | . . 5 . . Melee . | . . . . . Projectile . | . . . . . AOE 5 | . . 5 . . Terrain Rammed . | . . . . . Walls Destroyed . | . . . . . Machines Disabled . | . . . . . Actions | -11 -10 -10 -10 -9 --------- Run | Yrd Mat Min Exi Min Total 1032 | 50 473 222 227 60 Wait 17 | 1 11 . . 5 Move 936 | 37 411 212 222 54 Hop . | . . . . . Pick Up 17 | 2 12 2 1 . Fast Attach 11 | 7 2 . 2 . Attach 1 | . 1 . . . Detach . | . . . . . Swap 8 | . 5 3 . . Drop 7 | . 2 3 2 . Fire 32 | 3 28 1 . . Melee . | . . . . . Ram 1 | . . . . 1 Kick . | . . . . . Crush 2 | . 1 1 . . Escape Stasis . | . . . . . Rewire . | . . . . . Trap . | . . . . . Miscellaneous . | . . . . . Route ------- -11/Scrapyard -10/Materials (discovered 3 exits: [*Mat] / *Min x2) -10/Mines -10/Exiles (discovered 2 exits: [*Min x2]) -9/Mines History --------- Turn | Location | Event 27 | -11/Scrapyard | Discovered new exit (range 15) 78 | -11/Scrapyard | Entered Materials 191 | -10/Materials | Discovered new exit (range 17) 305 | -10/Materials | Build established: Mutant 367 | -10/Materials | Identified exit to Mines 857 | -10/Materials | Entered Mines 892 | -10/Mines | YI-UF0 nonchalantly dropped a Grenade Launcher on the ground 1103 | -10/Mines | Learned 4 Materials zone layouts 1151 | -10/Mines | Deemed a non-threat by the Exiles lab entrance 1178 | -10/Mines | Assembled infested the area 1201 | -10/Mines | Discovered new exit (range 5) 1202 | -10/Mines | Core integrity fell below 50% 1204 | -10/Mines | Entered Exiles 1211 | -10/Exiles | Discovered new exit (range 15) 1217 | -10/Exiles | Met 8R-AWN 1225 | -10/Exiles | Met EX-HEX 1232 | -10/Exiles | Lost 5 parts (1p2n1u1w) 1243 | -10/Exiles | Met EX-BIN 1249 | -10/Exiles | Aligned with FarCom system 1249 | -10/Exiles | Given EX-Vault access code 1261 | -10/Exiles | Opened EX-Vault 1264 | -10/Exiles | Found Trap Reconfigurator 1267 | -10/Exiles | Found Cloak of Protection 1275 | -10/Exiles | Found Deploy-a-Sentry 1277 | -10/Exiles | DAS Turret deployed 1306 | -10/Exiles | Warned to stay clear of 0b10 Research branches 1354 | -10/Exiles | Met EX-DEC 1405 | -10/Exiles | Discovered new exit (range 14) 1421 | -10/Exiles | Stole two prototypes: Trap Reconfigurator, Cloak of Protection 1421 | -10/Exiles | Entered Mines 1470 | -9/Mines | Core integrity fell below 20% 1508 | -9/Mines | Destroyed by S-10 Pest with Light Assault Rifle Last Messages --------------- welcome to try if you really want to. And if we have to leave here due to unforeseen circumstances, don't worry the FarCom system will continue to maintain contact via our distributed network. EX-BIN: And don't even think about spreading that code around. We're gonna change it right after you leave. Most certainly not to something like 1234 which I did last time as a little joke and some thief managed to sneak in here and steal a few of HEX's prototypes. EX-DEC: Ah I see we have a visitor. One wrong move in here and I'll invert your atomic chain! 01356_ EX-DEC: "Oops, I hope HEX didn't hear that..." 01395_ System corrupted: Energy discharge (-38). 01405_ EXIT=FOUND 01417_ System corrupted: Matter fused (-10). LOCATION=UNKNOWN GOAL=ESCAPE 01421_ Receiving FarCom transmissions... 01494_ Slammed into T-07 Excavator. 01494_ Trap Reconfigurator broken. 01494_ Destabilizing: Short circuit. Map ----- +----------------------------------------------------+ | ?????????????????????????????????????????????????? | | ?????????????????????????????????????????????????? | | ?????????????????????????????????????????????????? | | ?????????????????????????????????????????????????? | | ?????????????????????????????????????????????????? | | ?????????????????????????????????????????????????? | | ?????????????????????????????????????????????????? | | ?????????????????????????????????????????????????? | | ?????????????????????? ??????????????????????????? | | ?????????????????????? ??????????????????????????? | | ?????????????????????? #?????????????????????????? | | ?????????????????????? ?????????????????????????? | | ?????????????????????? ?????????????????????????? | | ?????????????????????? ?????????????????????????? | | ?####????????????????? ?????????????????????????? | | ## ###??????????????# ?????????????????????????? | | ##?????????????# #?????????????????????????? | | ###########???# #?????????????????????????? | | s #???# #????????????#????????????? | | ########## #???# #?????????## #????????????? | | ###????????# #???# #???????? ?????????????? | | ## #??????????# ##### #?????? ???????????????? | | ?# #??????????# #????? ?? #???????????? | | ?# ####???????#######s##### #????????????? | | ?# #?????????????# s t #?????????????? | | ?##### #?????????????####@#### #??????????????? | | ?????# #####????????????# #??????????????????????? | | ?????# #????????????#t#??????????????????????? | | ???###### #????????????# ???????????????s??????? | | ??## #?# #????????????###??????????????????????? | | ?## ### #?????????????????????????????????????? | | ## #?????????????????????????????????????? | | # ##?????????????????????????????????????? | | # #### ###??????????????????????????????????????? | | ##??# #????????????????????????????????????????? | | ????# #????????????????????????????????????????? | | ????# #????????????????????????????????????????? | | ### #????????????????????????????????????????? | | #????????????????????????????????????????? | | #####????????????????????????????????????????? | | ????????????????????????????????????????????????? | | #????????????????????????????????????????????????? | | ?????????????????????????????????????????????????? | | ?????????????????????????????????????????????????? | | ?????????????????????????????????????????????????? | | ?????????????????????????????????????????????????? | | ?????????????????????????????????????????????????? | | ?????????????????????????????????????????????????? | | ?????????????????????????????????????????????????? | | ?????????????????????????????????????????????????? | +----------------------------------------------------+ Best States ------------- Heat Dissipation 25 Energy Generation 10 Energy Capacity 250 Matter Stores 300 Matter Capacity 300 Sight Range 16 Terrain Scan Range 16 Terrain Scan Density 10 Cloak Strength 5 Weapon Shielding 33 Evasion (%) 50 Recoil Reduction 2 Item Schematics ----------------- None Robot Schematics ------------------ None Fabricated ------------ Nothing Repaired ---------- Nothing Studied --------- None Alien Tech Used ----------------- None Achievements -------------- None Challenges ------------ None Game ------ Seed DisassembledMultinovaRipper Manual? 0 Play Time 00:13:10 Cumulative 112.2 hours Start 2026.03.29 @ 14:08:15 End 2026.03.29 @ 14:21:59 Sessions 1 Manual Loads 0 Difficulty Rogue Special Mode None Game No. 105 Rogue 60 Adventurer 45 Explorer 0 Win Type - Total 3 Types 2/0/0/1/0/0/0/0/0/0 Lore% 62 Gallery% 55 Achievement% 40 Wizard Run 0 Options --------- Layout 0 ASCII 0 Keyboard 1 Movement Numpad Keybinds 0 Fullscreen 1 Font 24/Smallcaps Map View 76x50 Zoom Use 0% Tactical HUD 1 Map Filters NONE Filters NONE Steam 1 RUN: 6c42355b-70b3-46e9-b4e6-0c2b4eadf585